 Dungeon Crawl Stone Soup version 0.26-a0-651-gb41185065b (webtiles) character file.

Game seed: 16714741410133244552

(classic levelgen) 171287 EnegeticOcto the Severer (level 16, -3/154 HPs)
             Began as a Deep Dwarf Fighter on Oct 14, 2020.
             Was the Champion of Makhleb.
             Slain by a balrug
             ... wielding a +1 demon whip of electrocution
              (18 damage)
             ... on level 3 of the Abyss.
             The game lasted 00:14:14 (15480 turns).

EnegeticOcto the Severer (Deep Dwarf Fighter)      Turns: 15480, Time: 00:14:15

Health: -3/154     AC: 19    Str: 30    XL:     16   Next: 82%
Magic:  19/19      EV:  6    Int:  9    God:    Makhleb [******]
Gold:   394        SH: 21    Dex: 12    Spells: 15/15 levels left

rFire    . . .     SeeInvis .   a - +9 broad axe (vorpal)
rCold    + . .     Faith    .   k - +0 tower shield
rNeg     + . .     Spirit   .   H - +1 plate armour {rC+}
rPois    +         Reflect  .   (no helmet)
rElec    +         Harm     .   (no cloak)
rCorr    +         Rampage  .   x - +2 pair of gloves {Str+3}
MR       ++...                  b - +2 pair of boots
Stlth    ..........             E - amulet of Visumpe {rElec Regen+}
HPRegen  0.00/turn              G - ring of poison resistance
MPRegen  0.16/turn              j - ring of resist corrosion

@: liquid flames, non-regenerating, glowing
A: damage resistance, heal wounds, deformed body, negative energy resistance 1,
sense surroundings 2, no regeneration
}: 2/15 runes: barnacled, gossamer
a: Heal Wounds, Minor Destruction, Lesser Servant of Makhleb, Major Destruction,
Greater Servant of Makhleb, Renounce Religion


You were on level 3 of the Abyss.
You worshipped Makhleb.
Makhleb was exalted by your worship.
You visited 6 branches of the dungeon, and saw 29 of its levels.
You visited the Abyss 1 time.

You collected 1424 gold pieces.
You spent 1030 gold pieces at shops.

Inventory:

Hand Weapons
 a - a +9 vorpal broad axe (weapon)
 D - a +1 short sword of distortion
Missiles
 L - 8 throwing nets (quivered)
Armour
 b - a +2 pair of boots (worn)
 k - a +0 tower shield (worn)
 x - a +2 pair of gloves of strength (worn)
 H - a +1 plate armour of cold resistance (worn)
Jewellery
 j - a ring of resist corrosion (right hand)
 m - an uncursed ring of protection from cold
 w - the necklace of Bloodlust {*Rage +Rage MR++ Int-3 Slay+6 *Curse}
   (You found it on level 4 of the Dungeon)

   [amulet of nothing]

   It affects your intelligence (-3).
   It affects your accuracy and damage with ranged weapons and melee attacks
   (+6).
   It affects your resistance to hostile enchantments.
   It lets you go berserk.
   It may make you go berserk in combat.
   It curses itself when equipped.
 E - the amulet of Visumpe (around neck) {rElec Regen+}
   (You bought it in a shop on level 2 of the Orcish Mines)

   [amulet of regeneration]

   It insulates you from electricity.
   It increases your rate of regeneration.
 G - a ring of poison resistance (left hand)
Wands
 g - a wand of iceblast (8) {@v2}
 r - a wand of paralysis (9)
 y - a wand of acid (26) {@v1}
 z - a wand of disintegration (14)
 A - a wand of polymorph (8)
 K - a wand of enslavement (6)
 N - a wand of digging (7) {@v3}
Scrolls
 f - 13 scrolls of teleportation {@r3}
 l - 6 scrolls of blinking
 q - 8 scrolls of remove curse {@r2}
 s - a scroll of silence
 u - a scroll of enchant weapon
 B - 3 scrolls of fog
 C - 2 scrolls of enchant armour
 F - a scroll of holy word
 I - 4 scrolls of magic mapping {@r5}
 J - 2 scrolls of summoning
 M - a scroll of fear
 O - a scroll of immolation {@r4}
Potions
 c - a potion of mutation {unknown}
 d - 7 potions of might {@q3}
 e - 9 potions of curing {@q1}
 h - 4 potions of flight
 n - 3 potions of haste {@q4}
 o - 8 potions of heal wounds {@q2}
 p - 3 potions of lignification
 t - a potion of invisibility
 v - 5 potions of ambrosia
Miscellaneous
 i - a box of beasts (3/3)


   Skills:
 * Level 12.6 Fighting
 - Level 18.0 Axes
 + Level 13.8 Armour
 + Level 13.8 Shields
 + Level 15.3 Invocations
 + Level 6.2 Evocations


You had 15 spell levels left.
You didn't know any spells.
Your spell library was empty.

Dungeon Overview and Level Annotations

Branches:
Dungeon (15/15)            Temple (1/1) D:6            Lair (3/6) D:11
 Shoals (4/4) Lair:3       Spider (4/4) Lair:3          Orc (2/2) D:11
    Elf (0/3) Orc:2        Vaults (0/5) D:14         Depths (0/5) D:15

Altars:
Ashenzari
Cheibriados
Elyvilon
Fedhas
Gozag
Hepliaklqana
Kikubaaqudgha
Makhleb
Nemelex Xobeh
Okawaru
Qazlal
Ru
Sif Muna
Trog
Uskayaw
Vehumet
Wu Jian
Xom
Yredelemnul
Zin
The Shining One
Beogh

Shops:
D:6 !   D:14 ?   Orc:2 =([*

Annotations:
D:10 1 exclusion


Innate Abilities, Weirdness & Mutations

You are resistant to damage.
You can heal yourself by infusing magical energy.
You resist negative energy. (rN+)
You passively map the area around you.
You do not regenerate.
Armour fits poorly on your strangely shaped body.


Message History

The iron imp barely misses your green death.
Your green death hits the iron imp.
Your green death gestures at the iron imp.
The poison arrow hits the iron imp.
The iron imp partially resists.
The iron imp is poisoned.
The iron imp dies!
Makhleb accepts your kill.
You are suddenly pulled into a different region of the Abyss!
A sun demon comes into view.
A sun demon is nearby!
A balrug and a sun demon come into view.
The balrug is wielding a +1 demon whip of electrocution.
The balrug shouts!
The sun demon shouts! x2
A red devil comes into view. It is wielding a +0 trident.
You are no longer poisoned.
The balrug gestures at you. The bolt of fire hits you!
The sun demon hits you but does no damage.
The red devil hits you from afar with a +0 trident.
You hit the sun demon.
The sun demon is lightly wounded.
You block the sun demon's attack.
You miss the sun demon.
The sun demon is lightly wounded.
You block the red devil's attack.
You slash the sun demon!
The sun demon is heavily wounded.
The sun demon hits you!
You are engulfed in flames!!
The red devil hits you but does no damage.
You barely miss the sun demon.
The sun demon is heavily wounded.
You closely miss the balrug. You block the balrug's attack.
A red devil comes into view. It is wielding a +0 trident.
You closely miss the sun demon.
The sun demon is heavily wounded.
You hit the sun demon but do no damage. You closely miss the balrug.
You block the sun demon's attack. You block the balrug's attack.
You block the sun demon's attack.
The red devil hits you but does no damage.
You slash the sun demon!
The sun demon is severely wounded.
You hit the balrug. You slash the sun demon!
The sun demon hits you but does no damage.
The balrug gestures at you.
The fireball explodes!
The fireball engulfs you!!!
* * * LOW HITPOINT WARNING * * *
The fireball engulfs the sun demon.
The sun demon completely resists.
The fireball engulfs the sun demon.
The sun demon completely resists.
The fireball engulfs the balrug.
The balrug completely resists.
The sun demon hits you but does no damage.
You block the red devil's attack.
You are too injured to fight recklessly!
You are too injured to fight recklessly!
You are too injured to fight recklessly!
You are too injured to fight recklessly!
You are too injured to fight recklessly!
You are too injured to fight recklessly!
You are too injured to fight recklessly!
You are too injured to fight recklessly!
You are too injured to fight recklessly!
You are too injured to fight recklessly!
You are too injured to fight recklessly!
You are too injured to fight recklessly!
You are too injured to fight recklessly!
You are too injured to fight recklessly!
You are too injured to fight recklessly!
You are too injured to fight recklessly!
You feel much better.
The sun demon hits you but does no damage.
The sun demon hits you.
You are engulfed in flames!!
* * * LOW HITPOINT WARNING * * *
You block the balrug's attack. You block the red devil's attack.
You feel much better. The sun demon hits you!
* * * LOW HITPOINT WARNING * * *
You are engulfed in flames!
* * * LOW HITPOINT WARNING * * *
You block the sun demon's attack. The balrug gestures at you.
The sticky flame hits you but does no damage.
You are covered in liquid flames!
You block the sun demon's attack.
You are covered in liquid flames!
The balrug hits you with a +1 demon whip of electrocution.
You are engulfed in flames!!
* * * LOW HITPOINT WARNING * * *
You feel much better.
You are covered in liquid flames!
The red devil hits you from afar with a +0 trident.
* * * LOW HITPOINT WARNING * * *
The balrug hits you with a +1 demon whip of electrocution.
You are engulfed in flames!!
* * * LOW HITPOINT WARNING * * *
Your magical essence is drained by the effort!
You feel much better.
You are covered in liquid flames!
* * * LOW HITPOINT WARNING * * *
The balrug hits you with a +1 demon whip of electrocution!
* * * LOW HITPOINT WARNING * * *
You are engulfed in flames!!
You die...

. ## . #. #.
#. .##. #. .#.
#.#.. ## ...#4
.##.##43######
......32##...#
.##...##@....#
#.#....###.# #
#..#.# #..
####.. .## ###
. ..


You could see a balrug, 2 sun demons and a red devil.

Vanquished Creatures
  Arachne (Spider:3)
  Rupert (D:13)
  Kirke (D:12)
  2 ghost moths
  An orc warlord (Orc:2)
  6 emperor scorpions
  3 entropy weavers
  A merfolk javelineer (Shoals:4)
  A spark wasp (Spider:2)
  Snorg (D:13)
  A fire dragon (D:14)
  2 merfolk impalers
  Harold (Lair:2)
  Erolcha (D:12)
  3 hydras
  2 centaur warriors
  An alligator snapping turtle (Shoals:4)
  9 two-headed ogres
  A tengu warrior (D:14)
  A satyr (Shoals:4)
  An ogre mage (D:15)
  2 orc high priests
  5 merfolk aquamancers
  Urug (D:12)
  Sonja (D:13)
  4 skeletal warriors (D:14)
  An iron troll (D:14)
  3 sea snakes
  2 unseen horrors
  3 wizards (D:15)
  4 orc knights
  A wolf spider zombie (D:15)
  10 orb spiders
  9 cyclopes
  3 deep elf magi
  21 wolf spiders
  6 manticores
  2 orc sorcerers (Orc:2)
  An ugly thing (D:13)
  7 slime creatures (D:14)
  3 fauns (Shoals:1)
  2 moths of wrath
  3 merfolk sirens
  A black mamba (Lair:2)
  2 gargoyles
  A naga mage (D:15)
  4 cane toads
  A torpor snail (Spider:2)
  2 efreet
  A komodo dragon (Lair:2)
  9 demonic crawlers
  A freezing wraith (D:14)
  A wind drake (Shoals:1)
  A tengu conjurer (D:14)
  A polar bear (Lair:3)
  5 trolls
  32 jumping spiders
  17 merfolk
  2 dream sheep (Shoals:3)
  7 hippogriffs
  4 hornets
  2 snapping turtles
  A shadow (D:13)
  4 wraiths
  28 tarantellas
  53 redbacks
  3 water elementals (Shoals:1)
  33 yaks
  2 wyverns (D:14)
  4 hogs (D:12)
  3 basilisks
  8 vampire mosquitoes
  2 wargs (Orc:1)
  Menkaure (D:5)
  2 acid dragons
  4 water moccasins
  36 orc warriors
  3 porcupines (Lair:2)
  4 ice beasts
  3 phantoms
  2 eyes of draining
  4 sky beasts
  14 ogres
  5 centaurs
  2 crocodiles
  3 big kobolds
  7 bullfrogs
  6 scorpions
  4 killer bees (D:9)
  17 wights
  A howler monkey (D:4)
  2 electric eels
  2 bullfrog zombies
  6 centaur zombies
  10 hounds
  24 orc priests
  4 jellies
  4 centaur skeletons
  22 orc wizards
  An iguana (D:5)
  6 worker ants
  2 hound zombies
  2 worker ant zombies
  7 adders
  2 shadow imps
  A white imp (D:6)
  3 ufetubi
  2 oozes
  An adder zombie (D:6)
  A worm (D:2)
  2 dart slugs
  3 leopard geckos
  129 orcs
  2 ball pythons
  2 bats (D:2)
  7 giant cockroaches
  5 goblins
  4 hobgoblins
  6 jackals
  21 kobolds
  9 quokkas
  4 frilled lizards
  A jackal skeleton (D:9)
  A quokka skeleton (D:9)
  A quokka zombie (D:5)
787 creatures vanquished.

Vanquished Creatures (collateral kills)
  An ancient lich (Abyss:3)
  2 ghost moths (Spider:4)
  2 merfolk javelineers (Shoals:4)
  A centaur warrior (D:13)
  A tengu warrior (D:13)
  4 orb spiders
  2 merfolk sirens (Shoals:4)
  A torpor snail (Spider:1)
  A tengu conjurer (D:13)
  2 jumping spiders (Spider:4)
  3 hornets (Spider:4)
  A snapping turtle (Shoals:4)
  A shadow (D:13)
  5 tarantellas (Spider:4)
  8 redbacks
  A small abomination (Abyss:3)
  An iron imp (Abyss:3)
37 creatures vanquished.

Vanquished Creatures (others)
  A harpy (Shoals:4)
  A fungus (Lair:1)
  10 plants
12 creatures vanquished.

Grand Total: 836 creatures vanquished

Notes
Turn   | Place    | Note
-------+----------+-------------------------------------------
     0 | D:1      | EnegeticOcto the Deep Dwarf Fighter began the quest for the
                  | Orb.
     0 | D:1      | Reached XP level 1. HP: 20/20 MP: 1/1
   238 | D:1      | Reached XP level 2. HP: 24/27 MP: 2/2
   328 | D:2      | Found a sacrificial altar of Ru.
   337 | D:2      | Reached skill level 3 in Axes
   337 | D:2      | Reached XP level 3. HP: 29/34 MP: 3/3
   391 | D:3      | Reached XP level 4. HP: 41/42 MP: 3/3
   606 | D:3      | You fall into a shaft and drop 3 floors!
   624 | D:6      | Reached skill level 4 in Axes
   624 | D:6      | Reached XP level 5. HP: 37/49 MP: 4/4
   748 | D:6      | Found a staircase to the Ecumenical Temple.
   768 | Temple   | Entered the Ecumenical Temple
   856 | Temple   | Became a worshipper of Makhleb the Destroyer
   934 | D:6      | Reached XP level 6. HP: 36/56 MP: 5/5
   967 | D:5      | Entered Level 5 of the Dungeon
   985 | D:5      | Reached skill level 5 in Axes
   985 | D:5      | Reached skill level 1 in Invocations
  1137 | D:4      | Reached XP level 7. HP: 33/63 MP: 7/7
  1341 | D:4      | Reached skill level 5 in Armour
  1553 | D:4      | Found the cursed necklace of Bloodlust {*Rage +Rage MR++
                  | Int-3 Slay+6 *Curse}
  1580 | D:4      | Reached skill level 5 in Shields
  1609 | D:4      | Reached skill level 6 in Axes
  2024 | D:4      | Found a white marble altar of Elyvilon.
  2340 | D:5      | Found a shimmering altar of Xom.
  2411 | D:5      | Noticed Menkaure
  2417 | D:5      | Killed Menkaure
  2525 | D:5      | Reached * piety under Makhleb
  2579 | D:5      | Noticed a yak
  2579 | D:5      | Noticed a yak
  2579 | D:5      | Noticed a yak
  2579 | D:5      | Noticed a yak
  2579 | D:5      | Noticed a yak
  2597 | D:5      | Killed a yak
  2597 | D:5      | Reached XP level 8. HP: 52/73 MP: 7/7
  2605 | D:5      | Reached skill level 7 in Axes
  2624 | D:5      | Reached skill level 5 in Fighting
  2682 | D:5      | Reached skill level 5 in Invocations
  2990 | D:5      | Gained mutation: You passively map the area around you.
                  | [Deep Dwarf growth]
  2990 | D:5      | Reached XP level 9. HP: 58/81 MP: 8/8
  3112 | D:6      | Identified a scroll of acquirement
  3112 | D:6      | Acquired a +2 vorpal broad axe
  3190 | D:6      | Reached skill level 8 in Axes
  3381 | D:6      | Found Dorierur's Distillery.
  3386 | D:6      | Bought 2 potions of might for 112 gold pieces
  3635 | D:7      | Found a glowing golden altar of the Shining One.
  3640 | D:7      | Noticed an angel
  3655 | D:7      | Found a hazy altar of Hepliaklqana.
  3668 | D:7      | Reached ** piety under Makhleb
  3855 | D:7      | Reached skill level 9 in Axes
  3986 | D:7      | Found a basalt altar of Yredelemnul.
  4613 | D:8      | Found a burning altar of Makhleb.
  4792 | D:9      | Reached *** piety under Makhleb
  4792 | D:9      | Reached XP level 10. HP: 91/91 MP: 11/11
  4807 | D:9      | Found a glowing golden altar of the Shining One.
  5110 | D:9      | Found a snail-covered altar of Cheibriados.
  5463 | D:9      | Found a hide-covered altar of Uskayaw.
  5550 | D:10     | Entered Level 10 of the Dungeon
  5638 | D:10     | Noticed a gargoyle
  5643 | D:10     | Killed a gargoyle
  5643 | D:10     | Reached skill level 10 in Axes
  5909 | D:10     | Reached **** piety under Makhleb
  6301 | D:11     | Found a staircase to the Orcish Mines.
  6364 | D:11     | Reached skill level 11 in Axes
  6408 | D:11     | Reached XP level 11. HP: 100/100 MP: 13/13
  6885 | D:11     | Noticed a two-headed ogre
  6891 | D:11     | Killed a two-headed ogre
  7050 | D:11     | Killed an unseen horror
  7066 | D:11     | Found a staircase to the Lair.
  7407 | D:12     | Noticed Urug
  7429 | D:12     | Killed Urug
  7478 | D:12     | Noticed Kirke
  7483 | D:12     | Reached ***** piety under Makhleb
  7490 | D:12     | Killed Kirke
  7490 | D:12     | Reached skill level 12 in Axes
  7639 | D:12     | Noticed Erolcha
  7646 | D:12     | Killed Erolcha
  7653 | D:12     | Noticed a two-headed ogre
  7662 | D:12     | Killed a two-headed ogre
  7685 | D:12     | Reached XP level 12. HP: 101/110 MP: 15/15
  7715 | D:12     | Reached skill level 10 in Invocations
  7941 | D:12     | Noticed a five-headed hydra
  7949 | D:12     | Killed a nine-headed hydra
  8139 | D:13     | Noticed a tengu warrior
  8139 | D:13     | Noticed Sonja
  8139 | D:13     | Noticed a centaur warrior
  8147 | D:13     | Killed a tengu warrior
  8147 | D:13     | Killed a centaur warrior
  8152 | D:13     | Killed Sonja
  8152 | D:13     | Reached skill level 13 in Axes
  8231 | D:13     | Noticed a centaur warrior
  8243 | D:13     | Killed a centaur warrior
  8243 | D:13     | Reached skill level 10 in Shields
  8245 | D:13     | Reached skill level 10 in Armour
  8271 | D:13     | Noticed a two-headed ogre
  8278 | D:13     | Killed a two-headed ogre
  8298 | D:13     | Noticed Snorg
  8307 | D:13     | Killed Snorg
  8452 | D:13     | Noticed a five-headed hydra
  8453 | D:13     | Noticed Rupert
  8466 | D:13     | Killed a 13-headed hydra
  8471 | D:13     | Killed Rupert
  8830 | D:14     | Reached XP level 13. HP: 84/121 MP: 17/17
  8839 | D:14     | Reached skill level 14 in Axes
  9376 | D:14     | Found Nyutoz's Magic Scroll Emporium.
  9384 | D:14     | Bought a scroll of enchant weapon for 105 gold pieces
  9384 | D:14     | Bought a scroll of enchant weapon for 105 gold pieces
  9384 | D:14     | Bought a scroll of magic mapping for 49 gold pieces
  9384 | D:14     | Bought a scroll of teleportation for 42 gold pieces
  9384 | D:14     | Bought a scroll of teleportation for 42 gold pieces
  9384 | D:14     | Bought a scroll of teleportation for 42 gold pieces
  9384 | D:14     | Bought a scroll of summoning for 133 gold pieces
  9634 | D:14     | Noticed a fire dragon
  9640 | D:14     | Killed a fire dragon
  9659 | D:14     | Found a gate to the Vaults.
  9725 | D:15     | Entered Level 15 of the Dungeon
  9848 | D:15     | Reached skill level 15 in Axes
 10031 | D:15     | Gained mutation: You resist negative energy. (rN+) [Deep
                  | Dwarf growth]
 10031 | D:15     | Reached XP level 14. HP: 97/130 MP: 18/18
 10050 | D:15     | Found a staircase to the Depths.
 10055 | D:15     | Reached skill level 10 in Fighting
 10240 | Orc:1    | Entered Level 1 of the Orcish Mines
 10257 | Orc:1    | Reached ****** piety under Makhleb
 10581 | Orc:2    | Entered Level 2 of the Orcish Mines
 10715 | Orc:2    | Found a roughly hewn altar of Beogh.
 10722 | Orc:2    | Found Vaajawk's Assorted Antiques.
 10735 | Orc:2    | Bought a twitching silver amulet for 100 gold pieces
 10798 | Orc:2    | Found a roughly hewn altar of Beogh.
 10824 | Orc:2    | Found a staircase to the Elven Halls.
 10957 | Orc:2    | Found a roughly hewn altar of Beogh.
 11326 | Orc:2    | Found a roughly hewn altar of Beogh.
 11396 | Orc:2    | Found a roughly hewn altar of Beogh.
 11443 | Orc:2    | Found a roughly hewn altar of Beogh.
 11444 | Orc:2    | Found Nula's Jewellery Emporium.
 11469 | Orc:2    | Bought an uncursed ring of poison resistance for 300 gold
                  | pieces
 11557 | Orc:2    | Noticed an orc warlord
 11577 | Orc:2    | Killed an orc warlord
 11591 | Orc:2    | Found Lalleom's Antique Weapon Emporium.
 11591 | Orc:2    | Found a roughly hewn altar of Beogh.
 11597 | Orc:2    | Found Aluq's Antique Armour Shoppe.
 11761 | Lair:1   | Entered Level 1 of the Lair of Beasts
 11860 | Lair:1   | Reached skill level 16 in Axes
 12363 | Lair:2   | Noticed Harold
 12373 | Lair:2   | Killed Harold
 12731 | Lair:3   | Found a hole to the Spider Nest.
 12814 | Spider:1 | Entered Level 1 of the Spider Nest
 12842 | Spider:1 | Killed a ghost moth
 12981 | Spider:1 | Reached XP level 15. HP: 140/140 MP: 20/20
 13290 | Spider:3 | Noticed Arachne
 13322 | Spider:3 | Killed Arachne
 13322 | Spider:3 | Reached skill level 17 in Axes
 13572 | Spider:3 | Reached skill level 1 in Evocations
 13781 | Spider:4 | Entered Level 4 of the Spider Nest
 13904 | Spider:4 | Found the +7 sceptre of Torment {pain, torment}
 13930 | Spider:4 | Reached XP level 16. HP: 151/151 MP: 21/21
 14136 | Spider:4 | Got a gossamer rune of Zot
 14349 | Lair:3   | Identified Qaasa's Papyrus of Gliding Confrontation
 14446 | Lair:3   | Found a staircase to the Shoals.
 14483 | Shoals:1 | Entered Level 1 of the Shoals
 14634 | Shoals:1 | Identified the amulet of Visumpe {rElec Regen+} (You bought
                  | it in a shop on level 2 of the Orcish Mines)
 14739 | Shoals:2 | Reached skill level 18 in Axes
 14772 | Shoals:4 | Entered Level 4 of the Shoals
 14785 | Shoals:4 | Reached skill level 5 in Evocations
 14794 | Shoals:4 | Reached skill level 15 in Invocations
 14999 | Shoals:4 | Got a barnacled rune of Zot
 15240 | D:11     | Gained mutation: Armour fits poorly on your strangely
                  | shaped body. [mutagenic glow]
 15417 | D:11     | Cast into level 3 of the Abyss (unwielding a weapon of
                  | distortion)
 15420 | Abyss:3  | Noticed an ancient lich
 15435 | Abyss:3  | Killed an ancient lich
 15480 | Abyss:3  | Slain by a balrug

Illustrated notes

Levels and vault maps discovered:
D:1:      wheals_arrival_linesprint, layout_loops_ring
D:2:      layout_basic, nicolae_ru_great_annihilating_truth, minmay_unequal
D:3:      layout_basic, nicolae_overflow_crystal_walls
D:4:      layout_layer_cave, elyvilon_altar_3, st_stairs_6
D:5:      layout_basic, kennysheep_mini_moat, uniq_menkaure
D:6:      layout_loops_ring, minmay_temple_entry_mist, serial_shops, shop,
          kennysheep_generic_room_10
D:7:      layout_basic, grunt_temple_overflow_holy_war, basic_altar
D:8:      layout_cave_pools, makhleb_heckhound_becter
D:9:      layout_irregular_city, lemuel_crystal_altar, cheibriados_altar_1,
          nicolae_tso_carved_into_rock
D:10:     cheibrodos_two_vegetables, layout_irregular_city
D:11:     layout_roguey, lair_entry_dummy, orc_0_dummy
D:12:     layout_irregular_city, uniq_kirke, uniq_erolcha, uniq_urug
D:13:     layout_long_grid, minmay_misc_feat_tiny, uniq_sonja, uniq_rupert,
          uniq_snorg
D:14:     layout_rooms, david_vaults_4, roderic_roman_lattice, serial_shops,
          nicolae_shop_temple_entry_statues_fountains
D:15:     grunt_enter_depths_magical_seal, layout_rooms, serial_park_tiny_pond
Temple:   zaba_magenta_temple
Lair:1:   layout_cave_pods, grunt_megastairs_3, serial_bayou_shore_a
Lair:2:   layout_cave_pods, ldierk_geyser, uniq_harold
Lair:3:   layout_regular_city, elwin_shoals_entry_rooms,
          nicolae_spider_entry_tight_spaces, chequers_serial_rivers_room_a,
          chequers_serial_rivers_micro_d, lemuel_fruit_tree
Shoals:1: layout_shoals
Shoals:2: layout_shoals
Shoals:3: layout_shoals, nicolae_shoals_cliffside_cave
Shoals:4: shoals_end_simple, layout_shoals, nicolae_shoals_wave_tunnel
Spider:1: layout_spider_delve, spiders_nest_hornet_nest
Spider:2: layout_spider_delve
Spider:3: layout_spider_delve, uniq_arachne
Spider:4: spider_rune_water
Orc:1:    layout_caves
Orc:2:    grunt_orc_community_town_hall, layout_diamond_mine,
          grunt_orc_community_big_house_1, grunt_orc_community_big_house_2,
          grunt_orc_community_house_3, grunt_orc_community_house_2,
          grunt_orc_community_house_2, grunt_orc_community_house_3, basic_altar
Abyss:3:  base:
D:1

Skill      XL: |  1  2  3  4  5  6  7  8  9 10 11 12 13 14 15 16 |
---------------+-------------------------------------------------+-----
Fighting       | 3 4 5 6 7 8 9 10 11 12 | 12.6
Axes           | 3 4 5 6 7 9 11 12 13 15 16 17 18 | 18.0
Armour         | 4 5 6 7 8 9 10 11 12 13 | 13.8
Shields        | 4 5 6 7 8 9 10 11 12 13 | 13.8
Invocations    | 1 3 5 6 8 9 11 12 13 14 15 | 15.3
Evocations     | 2 6 |  6.2

Action                   |  1- 3 |  4- 6 |  7- 9 | 10-12 | 13-15 | 16-18 || total
-------------------------+-------+-------+-------+-------+-------+-------++-------
Melee: War axe           |    54 |   123 |   172 |       |       |       ||   349
       Hand axe          |       |     7 |       |       |       |       ||     7
       Broad axe         |       |       |   144 |   346 |   814 |   249 ||  1553
Invok: Lesser Servant of |       |       |       |       |    10 |     5 ||    15
       Greater Servant o |       |       |       |       |     2 |     4 ||     6
 Abil: Heal Wounds       |     1 |     3 |    10 |     1 |     4 |    12 ||    31
Evoke: Box of beasts     |       |       |       |     3 |       |       ||     3
       Wand              |       |       |       |     1 |       |       ||     1
  Use: Scroll            |       |       |    25 |     5 |     6 |     2 ||    38
       Potion            |       |       |       |       |     3 |       ||     3
 Stab: Paralysed         |       |       |       |     1 |       |       ||     1
       Distracted        |       |       |       |       |     2 |     3 ||     5
Armor: Scale mail        |    31 |       |       |       |       |       ||    31
       Chain mail        |    14 |    70 |   143 |    56 |       |       ||   283
       Plate armour      |       |       |       |    65 |   440 |   171 ||   676
Dodge: Dodged            |    28 |    25 |    55 |    52 |    95 |    52 ||   307
Block: Kite shield       |    41 |    64 |   204 |   108 |       |       ||   417
       Tower shield      |       |       |       |   142 |   784 |   354 ||  1280

Table legend: (Time is in decaauts)
 A = Elapsed time spent in this place.
 B = Non-inter-level travel time spent in this place.
 C = Inter-level travel time spent in this place.
 D = Time resting spent in this place.
 E = Time spent auto-exploring this place.
 F = Levels seen in this place.
 G = Mean time per level.
                   A        B        C        D        E       F      G
               +--------+--------+--------+--------+--------+-----+--------+
         Total |  15930 |  14535 |   1395 |   1495 |   9173 |  30 |  531.0 |
       Dungeon |  10713 |   9953 |    760 |   1068 |   6731 |  15 |  714.2 |
        Temple |    101 |     59 |     42 |      0 |     57 |   1 |  101.0 |
          Lair |   1410 |   1201 |    209 |     74 |    892 |   3 |  470.0 |
        Shoals |    689 |    576 |    113 |      8 |    230 |   4 |  172.2 |
   Spider Nest |   1495 |   1296 |    199 |     75 |    483 |   4 |  373.8 |
  Orcish Mines |   1454 |   1385 |     69 |    268 |    767 |   2 |  727.0 |
         Abyss |     66 |     66 |      0 |      0 |     11 |   1 |   66.0 |
               +--------+--------+--------+--------+--------+-----+--------+

Top non-repeatable levels by time:
    D:11: 1222 daAuts
     D:4: 1177 daAuts
   Orc:2: 1101 daAuts
     D:5: 1016 daAuts
    D:14: 970 daAuts
     D:9: 862 daAuts
    D:10: 822 daAuts
    D:12: 804 daAuts
  Lair:2: 789 daAuts
     D:7: 786 daAuts
    D:13: 725 daAuts
     D:6: 675 daAuts
     D:8: 564 daAuts
Spider:3: 519 daAuts
    D:15: 438 daAuts
